 Dungeon Crawl Stone Soup version 0.28-a0-909-g796cbd3a86 (webtiles) character file.

Game seed: 6733521852684718008

148 BinkBink the Ducker (level 5, -5/28 HPs)
             Began as a Spriggan Monk on Nov 24, 2021.
             Splashed by a jelly's acid (8 damage)
             ... on level 3 of the Dungeon.
             The game lasted 00:10:17 (4982 turns).

BinkBink the Ducker (Spriggan Monk)                 Turns: 4982, Time: 00:10:17

Health: -5/28      AC: -2    Str:  7    XL:     5   Next: 8%
Magic:  6/6        EV: 19    Int: 12    God:
Gold:   63         SH:  0    Dex: 18    Spells: 4/4 levels left

rFire   . . .      SeeInvis +   a - +0 short sword
rCold   . . .      Faith    .   (shield restricted)
rNeg    . . .      Spirit   .   b - +0 robe
rPois   .          Reflect  .   (helmet restricted)
rElec   .          Harm     .   (no cloak)
rCorr   .          Rampage  .   (gloves unavailable)
Will    .....                   (boots unavailable)
Stlth   +++.......              (no amulet)
HPRegen 0.09/turn               (no ring)
MPRegen 0.10/turn               (no ring)

@: corroded, very quick
A: very small, no large weapons, unfitting armour, see invisible, speed 3
a: no special abilities


You were on level 3 of the Dungeon.
You visited 1 branch of the dungeon, and saw 3 of its levels.

You collected 63 gold pieces.

Inventory:

Hand Weapons
 a - a +0 short sword (weapon)
 h - a +2 dagger of pain
 m - a +0 triple crossbow
Armour
 b - a +0 robe (worn)
 g - a scarf of harm
Scrolls
 c - a scroll of magic mapping {unknown}
 d - a scroll of brand weapon {unknown}
 e - a scroll of enchant weapon {unknown}
 f - 2 scrolls of identify {unknown}
 k - a scroll of amnesia {unknown}
 n - 3 scrolls of vulnerability {unknown}
Potions
 i - a potion of lignification
 j - 3 potions of haste
 l - a potion of flight {unknown}
 o - a potion of magic {unknown}


   Skills:
 + Level 2.8 Fighting
 + Level 4.6 Short Blades
 * Level 1.0 Crossbows
 + Level 4.9 Dodging
 + Level 4.6 Stealth


You had 4 spell levels left.
You didn't know any spells.
Your spell library was empty.

Dungeon Overview and Level Annotations

Branches:
Dungeon (3/15)

Altars:
Cheibriados

Shops:
D:2 *

Annotations:
D:3 2 runed translucent doors, Stonecrops's ghost, amateur DsFi


Innate Abilities, Weirdness & Mutations

You are very small and have problems with some larger weapons.
You are too small for most types of armour.
You have supernaturally acute eyesight. (SInv)
You cover ground extremely quickly. (Speed+++)


Message History

The endoplasm is almost dead.
The jelly closely misses you. The endoplasm barely misses you.
You hit the endoplasm but do no damage.
The endoplasm is almost dead.
The endoplasm freezes you.
You are frozen.
The jelly misses you. The endoplasm freezes you.
You are frozen.
There is an open door here.
Things that are here:
2 stones; a +0 club; a kobold skeleton You hit the endoplasm.
The endoplasm is severely wounded.
The endoplasm completely misses you.
You hit the endoplasm.
You kill the endoplasm!
The endoplasm freezes you.
You are frozen.
Things that are here:
2 stones; a +0 club; a kobold skeleton You hit the endoplasm but do no damage.
The endoplasm is almost dead.
You barely miss the endoplasm.
The endoplasm is almost dead.
The endoplasm hits you.
You hit the endoplasm.
You kill the endoplasm!
You hit the jelly.
Your hands burn!
The jelly is lightly wounded.
The jelly hits you.
You are splashed with acid!
* * * LOW HITPOINT WARNING * * *
You hit the jelly.
Your hands burn!
* * * LOW HITPOINT WARNING * * *
The jelly is moderately wounded.
You barely miss the jelly.
The jelly is moderately wounded.
The jelly hits you.
* * * LOW HITPOINT WARNING * * *
The acid corrodes you!
You are splashed with acid!
You die...

≈##.##........>..#
.#.#..≈..........#
#.###≈≈≈..)......# ###
###..........# ############
######## #....÷.########## ####
#P÷..P.J##......######...
#########......#@#.......##.##...
.......##.P.P..#.#.....[..'.##...
###....##...÷.÷#.#........'..#...
#....##.PJJPP#.#'#......'....<.
#....##..÷...#.#.#.....##.##...
#....##...P..#.#.#....######...
#....##!.....##.####### ###(≈.
#....#####################.....
#....#############.....##......


You could see a jelly.

Vanquished Creatures
  A jelly (D:3)
  An orc wizard (D:3)
  2 adders
  A worm (D:3)
  A dart slug (D:1)
  2 orcs (D:3)
  15 endoplasms
  4 giant cockroaches
  4 goblins
  5 hobgoblins
  2 quokkas
  7 ball pythons
  4 bats
  2 frilled lizards
  11 kobolds
  2 rats
64 creatures vanquished.

Vanquished Creatures (others)
  A fungus (D:3)
  8 toadstools (D:3)
9 creatures vanquished.

Grand Total: 73 creatures vanquished

Notes
Turn   | Place    | Note
-------+----------+-------------------------------------------
     0 | D:1      | BinkBink the Spriggan Monk began the quest for the Orb.
     0 | D:1      | Reached XP level 1. HP: 11/11 MP: 2/2
   268 | D:1      | Reached XP level 2. HP: 8/16 MP: 3/3
  1215 | D:1      | Reached XP level 3. HP: 19/19 MP: 4/4
  1354 | D:2      | Found Duafekk's Assorted Antiques.
  2149 | D:2      | Found a faded altar of an unknown god.
  2768 | D:3      | Found a snail-covered altar of Cheibriados.
  2937 | D:3      | Noticed Stonecrops's ghost (amateur DsFi)
  2937 | D:3      | Found a large runed translucent door.
  2937 | D:3      | Found a large runed translucent door.
  2975 | D:3      | Reached XP level 4. HP: 23/23 MP: 5/5
  4934 | D:3      | Reached skill level 1 in Crossbows
  4934 | D:3      | Reached XP level 5. HP: 28/28 MP: 6/6
  4982 | D:3      | Splashed by a jelly's acid

Illustrated notes

Levels and vault maps discovered:
D:1:      evilmike_arrival_come_back, layout_loops_ring
D:2:      layout_basic, hellmonk_ecumenical_altar_slurped_away, serial_shops,
          shop, nicolae_figureground_pulse
D:3:      cheibrodos_fertilizer, layout_rooms, mainiacjoe_overflow_alcove_2,
          ebering_ghost_disaster_area, serial_rivers,
          chequers_serial_rivers_micro_c, chequers_serial_rivers_small_b,
          chequers_serial_rivers_marsh, chequers_serial_rivers_micro_a,
          chequers_serial_rivers_micro_a, minivault_24

Skill      XL: |  1  2  3  4 |
---------------+-------------+-----
Short Blades   | 4 |  4.6
Stealth        | 4 |  4.6
Crossbows      | 1 |  1.0
Fighting       | |  2.8
Dodging        | |  4.9

Action                   |  1- 3 |  4- 6 || total
-------------------------+-------+-------++-------
Melee: Short sword       |    82 |   115 ||   197
       Dagger            |    62 |       ||    62
  Use: Potion            |     2 |     1 ||     3
 Stab: Sleeping          |    17 |     2 ||    19
       Distracted        |       |     1 ||     1
Armor: Robe              |    10 |     8 ||    18
       Skin              |       |     1 ||     1
Dodge: Dodged            |    94 |    61 ||   155

Table legend: (Time is in decaauts)
 A = Elapsed time spent in this place.
 B = Non-inter-level travel time spent in this place.
 C = Inter-level travel time spent in this place.
 D = Time resting spent in this place.
 E = Time spent auto-exploring this place.
 F = Levels seen in this place.
 G = Mean time per level.
                   A        B        C        D        E       F      G
               +--------+--------+--------+--------+--------+-----+--------+
         Total |   4043 |   3810 |    233 |      0 |   3114 |   3 | 1347.7 |
       Dungeon |   4043 |   3810 |    233 |      0 |   3114 |   3 | 1347.7 |
               +--------+--------+--------+--------+--------+-----+--------+

Top non-repeatable levels by time:
     D:1: 1775 daAuts
     D:3: 1543 daAuts
     D:2: 724 daAuts
